 Dungeon Crawl Stone Soup version 0.19.0 (webtiles) character file.

45 PurpleRed the Skirmisher (level 3, 0/34 HPs)
             Began as a Minotaur Fighter on Nov 11, 2016.
             Succumbed to kobold's curare-tipped needle
             ... on level 3 of the Dungeon.
             The game lasted 00:01:29 (1340 turns).

PurpleRed the Skirmisher (Minotaur Fighter)         Turns: 1340, Time: 00:01:30

Health: 0/34       AC:  6    Str: 21    XL:     3   Next: 42%
Magic:  2/2        EV:  7    Int:  5    God:
Gold:   65         SH:  9    Dex:  9    Spells: 0 memorised, 2 levels left

rFire  . . .     SeeInvis .     a - +0 war axe
rCold  . . .     Gourm    .     b - +0 scale mail
rNeg   . . .     Faith    .     c - +0 shield
rPois  .         Spirit   .     (helmet restricted)
rElec  .         Reflect  .     (no cloak)
rCorr  .         Harm     .     (no gloves)
MR     .....                    (no boots)
Stlth  ..........               (no amulet)
                                (no ring)
                                (no ring)

@: lethally poisoned (0 -> -7), slowed, very slow
A: retaliatory headbutt, horns 2
a: no special abilities


You were on level 3 of the Dungeon.
You were not hungry.

You visited 1 branch of the dungeon, and saw 3 of its levels.

You collected 65 gold pieces.

Inventory:

Hand Weapons
 a - a +0 war axe (weapon)
Armour
 b - a +0 scale mail (worn)
 c - a +0 shield (worn)
 m - a +0 pair of gloves
Scrolls
 e - a scroll of fear {unknown}
 g - a scroll of remove curse {unknown}
 h - a scroll of blinking {unknown}
 i - a scroll of enchant armour {unknown}
 j - a scroll of recharging {unknown}
 k - a scroll of amnesia {unknown}
 n - a scroll of fog {unknown}
Potions
 d - a potion of might
Comestibles
 f - 4 bread rations


   Skills:
 + Level 4.6 Fighting
 * Level 3.7 Axes
 - Level 3.6 Armour
 - Level 3.6 Shields


You had 2 spell levels left.
You didn't know any spells.

Dungeon Overview and Level Annotations

Branches:
Dungeon (3/15)

Altars:
Dithmenos
Nemelex Xobeh
Xom


Innate Abilities, Weirdness & Mutations

You reflexively headbutt those who attack you in melee.
You have a pair of horns on your head.


Message History

The kobold hits you but does no damage.
You closely miss the kobold.
* * * LOW HITPOINT WARNING * * *
You feel very sick.
The kobold hits you but does no damage. x2
You closely miss the kobold.
* * * LOW HITPOINT WARNING * * *
You feel sick. You block the kobold's attack.
The kobold hits you with an uncursed short sword.
* * * LOW HITPOINT WARNING * * *
You hit the kobold.
You kill the kobold!
* * * LOW HITPOINT WARNING * * *
You feel sick.
Okay, then.
* * * LOW HITPOINT WARNING * * *
You feel sick.
* * * LOW HITPOINT WARNING * * *
You feel sick.
You die...

##...#..##.##........#
##.#...##.##.......#
#....(##.##......##
###.(..#.##...>..###
#.#(...##........#
####.#(..?##......#.##
#....).._.##......#..####
#.........#####.........##
#........@# #...........
#.........$.# #.....†)..##
########.....##.....()†...
..#...........(..#.
.####.##.####...(##. ..
..#... #.##.<.. .. #..
......(### ... ...
.......# ........##


There were no monsters in sight!

Vanquished Creatures
  A dart slug (D:3)
  A leopard gecko (D:1)
  6 bats
  3 giant cockroaches (D:1)
  4 goblins (D:1)
  4 hobgoblins
  4 jackals (D:3)
  4 frilled lizards
  7 kobolds
  5 rats
39 creatures vanquished.

Notes
Turn   | Place    | Note
-------+----------+-------------------------------------------
     0 | D:1      | PurpleRed the Minotaur Fighter began the quest for the Orb.
     0 | D:1      | Reached XP level 1. HP: 19/19 MP: 0/0
     2 | D:1      | Noticed a spriggan
     2 | D:1      | Noticed an ogre
     4 | D:1      | Noticed an elf
     4 | D:1      | Noticed a naga
     6 | D:1      | Noticed a gargoyle
     6 | D:1      | Noticed a merfolk
     8 | D:1      | Noticed a draconian
     8 | D:1      | Noticed a troll
    10 | D:1      | Noticed a centaur
    10 | D:1      | Noticed a halfling
    12 | D:1      | Noticed a demigod
    14 | D:1      | Noticed a formicid
    16 | D:1      | Noticed a minotaur
    18 | D:1      | Noticed a ghoul
    20 | D:1      | Noticed a vine stalker
    20 | D:1      | Noticed a tengu
    22 | D:1      | Noticed a human
    22 | D:1      | Noticed a demonspawn
    24 | D:1      | Noticed a vampire
    24 | D:1      | Noticed an octopode
    26 | D:1      | Noticed a felid
    26 | D:1      | Noticed a dwarf
   184 | D:1      | Reached skill level 4 in Fighting
   254 | D:1      | Reached XP level 2. HP: 27/27 MP: 1/1
   812 | D:1      | Found a sparkling altar of Nemelex Xobeh.
  1022 | D:3      | Reached XP level 3. HP: 12/34 MP: 2/2
  1209 | D:3      | Found a shadowy altar of Dithmenos.
  1323 | D:3      | Found a shimmering altar of Xom.
  1339 | D:3      | HP: 1/34 [poisoned by kobold (curare-tipped needle)]
  1340 | D:3      | Succumbed to kobold's curare-tipped needle

Skill      XL: |  1  2 |
---------------+-------+-----
Fighting       | 4 |  4.6
Axes           | 3 |  3.7
Armour         | |  3.6
Shields        | |  3.6

Action                   || total
-------------------------++-------
Melee: War axe           ||    80
       Headbutt          ||     8
  Use: Potion            ||     1
  Eat: Chunk             ||     1
Armor: Scale mail        ||    32
Dodge: Dodged            ||    33
Block: Shield            ||    48
